 Dungeon Crawl Stone Soup version 0.31-a0-705-ga145531891 (webtiles) character file.

Game seed: 5466125165645590099

99 randomguy2701 the Trooper (level 4, 0/41 HPs)
             Began as a Hill Orc Fighter on Sept 9, 2023.
             Slain by Grinder (4 damage)
             ... on level 3 of the Dungeon.
             The game lasted 00:01:18 (1625 turns).

randomguy2701 the Trooper (Hill Orc Fighter)        Turns: 1625, Time: 00:01:18

Health: 0/41       AC:  7    Str: 18    XL:     4   Next: 72%
Magic:  4/4        EV:  9    Int:  8    God:
Gold:   103        SH:  4    Dex: 12    Spells: 3/3 levels left

rFire   . . .        a - +0 war axe
rCold   . . .        c - +0 buckler
rNeg    . . .        b - +0 scale mail
rPois   .            (no helmet)
rElec   .            (no cloak)
rCorr   .            (no gloves)
SInv    .            (no boots)
Will    .....        (no amulet) Stlth
                     (no ring)
HPRegen 0.26/turn    (no ring)
MPRegen 0.09/turn

%: no passive effects
@: no status effects
A: no striking features
a: no special abilities


You were on level 3 of the Dungeon.
You visited 1 branch of the dungeon, and saw 3 of its levels.

You collected 103 gold pieces.

Inventory:

Hand Weapons
 a - a +0 war axe (weapon)
Armour
 b - a +0 scale mail (worn)
 c - a +0 buckler (worn)
Jewellery
 n - an amulet of magic regeneration
Scrolls
 g - 3 scrolls of teleportation {unknown}
 h - 3 scrolls of identify {unknown}
 i - a scroll of brand weapon {unknown}
 j - a scroll of vulnerability {unknown}
 k - a scroll of enchant armour {unknown}
 l - 2 scrolls of fog {unknown}
 o - 2 scrolls of revelation {unknown}
 q - a scroll of immolation {unknown}
 r - a scroll of amnesia {unknown}
Potions
 d - a potion of might
 e - 2 potions of curing {unknown}
 f - a potion of ambrosia {unknown}
 m - 5 potions of resistance {unknown}
 p - a potion of berserk rage {unknown}


   Skills:
 + Level 4.4 Fighting
 + Level 4.2 Axes
 + Level 4.1 Armour
 + Level 0.2 Dodging
 + Level 3.7 Shields


You had 3 spell levels left.
You didn't know any spells.
Your spell library contained the following spells:

 Spells                   Type           Power      Damage    Failure   Level
 Poisonous Vapours        Pois/Air       0%         N/A       94%         2
 Mephitic Cloud           Conj/Pois/Air  0%         N/A       99%         3
 Freezing Cloud           Conj/Ice/Air   0%         6-21      100%        5


Dungeon Overview and Level Annotations

Branches:
Dungeon (3/15)

Altars:
Okawaru

Annotations:
D:3 Grinder


Message History

Grinder zaps a wand.
The puff of flame hits you!
You slash Grinder!
Grinder is heavily wounded.
Grinder zaps a wand.
The puff of flame hits you.
You completely miss Grinder.
Grinder is heavily wounded.
Grinder hits you but does no damage. Grinder hits you.
You writhe in agony.
You are too injured to fight recklessly!
You are too injured to fight recklessly!
You are too injured to fight recklessly!
You are too injured to fight recklessly!
You are too injured to fight recklessly!
You are too injured to fight recklessly!
You are too injured to fight recklessly!
You are too injured to fight recklessly!
You are too injured to fight recklessly!
You are too injured to fight recklessly!
You are too injured to fight recklessly!
You are too injured to fight recklessly!
You are too injured to fight recklessly!
You are too injured to fight recklessly!
You are too injured to fight recklessly!
Unknown command.
You closely miss Grinder.
Grinder is heavily wounded.
Grinder hits you.
* * * LOW HITPOINT WARNING * * *
You writhe in agony.
* * * LOW HITPOINT WARNING * * *
You slash Grinder!
Grinder is severely wounded.
Grinder gestures at you. Pain shoots through your body!
* * * LOW HITPOINT WARNING * * *
You closely miss Grinder.
Grinder is severely wounded.
Grinder gestures at you. You resist with significant effort. Grinder hits you.
You die...
Grinder says, "Now the real fun starts!"

#. .. .#
##.#
###...#
#.@.#
#5### #.#
#.#
#######.##
........<#
##########


You could see Grinder.

Vanquished Creatures
  4 gnolls
  2 adders (D:2)
  2 worms
  2 dart slugs
  7 ball pythons
  4 endoplasms
  A giant cockroach (D:2)
  3 goblins
  2 hobgoblins (D:2)
  4 kobolds
  3 bats
  3 frilled lizards
  A rat (D:1)
38 creatures vanquished.

Notes
Turn   | Place    | Note
-------+----------+-------------------------------------------
     0 | D:1      | randomguy2701 the Hill Orc Fighter began the quest for the
                  | Orb.
     0 | D:1      | Reached XP level 1. HP: 19/19 MP: 1/1
    74 | D:1      | Reached XP level 2. HP: 5/27 MP: 2/2
   412 | D:1      | Reached XP level 3. HP: 33/33 MP: 3/3
   878 | D:2      | Found an iron altar of Okawaru.
   971 | D:2      | Reached XP level 4. HP: 25/41 MP: 4/4
  1617 | D:3      | Noticed Grinder
  1625 | D:3      | Slain by Grinder

Illustrated notes

Levels and vault maps discovered:
D:1:      lemuel_arrival_lava_pool, layout_loops_ring
D:2:      layout_rooms, basic_altar, serial_corexii_hall,
          corexii_hall_statues_t, chequers_hall_statues_y,
          chequers_hall_statues_wall_a, corexii_hall_statues_deadend,
          chequers_hall_statues_wall_a, chequers_hall_statues_corner_a
D:3:      layout_basic, nicolae_the_louvre, uniq_grinder

Skill      XL: |  1  2  3  4 |
---------------+-------------+-----
Fighting       | 4 |  4.4
Axes           | 3 4 |  4.2
Armour         | 4 |  4.1
Dodging        | |  0.2
Shields        | |  3.7

Action                     |  1- 3 |  4- 6 || total
---------------------------+-------+-------++-------
  Melee: War axe           |    65 |    52 ||   117
 Armour: Scale mail        |    56 |    42 ||    98
  Dodge: Dodged            |    37 |    24 ||    61
  Block: Buckler           |    20 |    13 ||    33

Table legend: (Time is in decaauts)
 A = Elapsed time spent in this place.
 B = Non-inter-level travel time spent in this place.
 C = Inter-level travel time spent in this place.
 D = Time resting spent in this place.
 E = Time spent auto-exploring this place.
 F = Levels seen in this place.
 G = Mean time per level.
                   A        B        C        D        E       F      G
               +--------+--------+--------+--------+--------+-----+--------+
         Total |   1666 |   1596 |     70 |      0 |   1319 |   3 |  555.3 |
       Dungeon |   1666 |   1596 |     70 |      0 |   1319 |   3 |  555.3 |
               +--------+--------+--------+--------+--------+-----+--------+

Top non-repeatable levels by time:
     D:2: 915 daAuts
     D:1: 732 daAuts
     D:3: 18 daAuts
